 Dungeon Crawl Stone Soup version 0.19.5 (webtiles) character file.

84 tidbits the Slasher (level 4, -2/31 HPs)
             Began as a High Elf Fighter on Dec 10, 2017.
             Slain by a river rat (4 damage)
             ... in a sewer.
             The game lasted 00:08:47 (893 turns).

tidbits the Slasher (High Elf Fighter)               Turns: 893, Time: 00:08:48

Health: -2/31      AC:  6    Str: 15    XL:     4   Next: 23%
Magic:  0/5        EV:  7    Int: 12    God:
Gold:   32         SH:  8    Dex: 15    Spells: 0 memorised, 3 levels left

rFire  . . .     SeeInvis .     a - +0 long sword
rCold  . . .     Gourm    .     B - +0 scale mail
rNeg   . . .     Faith    .     D - +0 shield
rPois  .         Spirit   +     (no helmet)
rElec  .         Reflect  .     (no cloak)
rCorr  .         Harm     .     (no gloves)
MR     .....                    (no boots)
Stlth  ..........               h - amulet of guardian spirit
                                (no ring)
                                (no ring)

@: no status effects
A: no striking features
a: no special abilities


You were in a sewer.
You were not hungry.

You visited 1 branch of the dungeon, and saw 3 of its levels.
You also visited: Sewer.

You collected 32 gold pieces.

Inventory:

Hand Weapons
 a - a +0 long sword (weapon)
Missiles
 b - 18 sling bullets
 d - 13 arrows
 g - 20 stones (quivered)
Armour
 i - a +0 leather armour of fire resistance
   (You took it off an orc on level 3 of the Dungeon)
 B - a +0 scale mail (worn)
 D - a +0 shield (worn)
Jewellery
 h - an amulet of guardian spirit (around neck)
   (You found it on level 3 of the Dungeon)
Comestibles
 c - a bread ration


   Skills:
 - Level 3.0 Fighting
 + Level 4.8 Long Blades
 - Level 2.6 Armour
 + Level 2.0 Dodging
 - Level 2.6 Shields


You had 3 spell levels left.
You didn't know any spells.

Dungeon Overview and Level Annotations

Branches:
Dungeon (3/15)

Altars:

Annotations:
D:3 1 exclusion


Message History

You butcher the rat corpse.
Things that are here:
a rat corpse; a chunk of flesh Unknown command.
Eat a chunk of flesh? (ye/n/q)
You start eating the chunk of flesh.
This raw flesh tastes terrible.
A frilled lizard and an adder come into view.
The adder hisses angrily.
The rat bites you but does no damage. You block the rat's attack.
The rat splashes around in the water.
Unknown command.
Okay, then.
You aren't carrying any spellbooks or scrolls.
Unknown command.
You feel yourself speed up. The rat bites you.
You are very lightly contaminated with residual magic.
You slash the adder!
You kill the adder!
The rat bites you but does no damage.
You hit the rat.
The rat is severely wounded.
You hit the rat.
You kill the rat!
Your Dodging skill increases to level 2!
The frilled lizard bites you but does no damage.
You completely miss the frilled lizard.
The frilled lizard bites you but does no damage.
You hit the frilled lizard but do no damage.
You block the frilled lizard's attack.
You miss the frilled lizard.
The frilled lizard completely misses you.
You miss the frilled lizard. The frilled lizard barely misses you.
You closely miss the frilled lizard. The frilled lizard closely misses you.
You riposte.
You hit the frilled lizard.
You kill the frilled lizard!
You see here a frilled lizard corpse.
You enter the shallow water.
Moving in this stuff is going to be slow.
Your extra speed is starting to run out.
You enter the shallow water.
Moving in this stuff is going to be slow. 2 rats and a river rat come into view. 2 rats and a river rat come into view.
You feel yourself slow down.
The rat twitches its whiskers.
You hit the river rat.
The river rat is lightly wounded.
You block the river rat's attack.
You hit the river rat but do no damage.
The river rat is lightly wounded.
The river rat bites you!
You hit the river rat.
The river rat is moderately wounded.
The river rat bites you.
You hit the river rat but do no damage.
The river rat is moderately wounded.
The river rat bites you!
* * * LOW HITPOINT WARNING * * *
You aren't carrying any potions.
Unknown command.
You aren't carrying any spellbooks or scrolls.
Unknown command.
You hit the river rat.
The river rat is moderately wounded.
The river rat bites you.
* * * LOW HITPOINT WARNING * * *
The river rat bites you.
* * * LOW HITPOINT WARNING * * *
The river rat bites you.
* * * LOW HITPOINT WARNING * * *
You enter the shallow water.
Moving in this stuff is going to be slow.
You block the river rat's attack. x2
The river rat barely misses you.
You riposte.
You closely miss the river rat.
The river rat is moderately wounded.
The river rat completely misses you. The river rat barely misses you.
You aren't carrying any potions.
Unknown command.
You aren't carrying any spellbooks or scrolls.
Unknown command.
You don't know any spells.
You closely miss the river rat.
The river rat is moderately wounded.
You hit the river rat but do no damage.
The river rat is moderately wounded.
You block the river rat's attack. The river rat barely misses you.
You enter the shallow water.
Moving in this stuff is going to be slow.
You block the river rat's attack. You block the river rat's attack.
Your magical contamination has completely faded away.
You block the river rat's attack. The river rat barely misses you.
You riposte.
You hit the river rat but do no damage.
The river rat is moderately wounded.
The river rat bites you.
* * * LOW HITPOINT WARNING * * *
The river rat bites you.
You die...

##...## ##...# #...# ##...#
##...##
######################....#
#...#≈≈≈≈≈≈≈≈≈≈≈≈≈≈≈#.....#
....≈≈≈≈≈≈≈≈≈≈.≈≈r≈≈r....##
..∩.≈≈≈≈≈≈≈#≈≈††@r≈rr....#
..∩..≈≈≈≈≈#≈≈≈#≈≈≈≈≈≈....#
....≈≈≈≈≈≈≈≈.≈≈≈≈≈≈≈††..##
#...#≈≈≈≈≈≈≈≈≈≈≈≈≈≈≈..###
#######################


You could see 2 river rats and 3 rats.

Vanquished Creatures
  An orc wizard (D:3)
  An adder (Sewer)
  A worm (D:3)
  A dart slug (D:3)
  6 leopard geckos
  8 orcs (D:3)
  A bat (D:2)
  2 goblins (D:3)
  2 hobgoblins
  2 frilled lizards
  9 rats
34 creatures vanquished.

Notes
Turn   | Place    | Note
-------+----------+-------------------------------------------
     0 | D:1      | tidbits the High Elf Fighter began the quest for the Orb.
     0 | D:1      | Reached XP level 1. HP: 16/16 MP: 2/2
    48 | D:1      | Reached skill level 3 in Long Blades
    88 | D:3      | Reached XP level 2. HP: 19/21 MP: 3/3
   258 | D:3      | Reached skill level 4 in Long Blades
   483 | D:3      | Reached XP level 3. HP: 22/26 MP: 2/4
   526 | D:3      | Reached skill level 1 in Dodging
   685 | D:3      | Reached XP level 4. HP: 5/31 MP: 3/5
   692 | D:3      | Found a glowing drain.
   697 | Sewer    | Entered a sewer
   829 | Sewer    | Reached skill level 2 in Dodging
   870 | Sewer    | HP: 2/31 [river rat (4)]
   893 | Sewer    | HP: 2/31 [river rat (2)]
   893 | Sewer    | Slain by a river rat

Skill      XL: |  1  2  3  4 |
---------------+-------------+-----
Long Blades    | 3 4 |  4.8
Dodging        | 1 2 |  2.0
Fighting       | |  3.0
Armour         | |  2.6
Shields        | |  2.6

Action                   |  1- 3 |  4- 6 || total
-------------------------+-------+-------++-------
Melee: Long sword        |   129 |    29 ||   158
Throw: Stone             |     4 |       ||     4
  Use: Potion            |     4 |     1 ||     5
  Eat: Chunk             |       |     1 ||     1
Armor: Scale mail        |    36 |     8 ||    44
Dodge: Dodged            |    32 |     9 ||    41
Block: Shield            |    46 |    14 ||    60
       Rpst.: Long sword |     9 |     3 ||    12

Table legend:
 A = Turns spent in this place as a percentage of turns spent in the entire game.
 B = Non-inter-level travel turns spent in this place as a percentage of non-inter-level travel turns spent in the entire game.
 C = Inter-level travel turns spent in this place as a percentage of turns spent in this place.
 D = Turns resting spent in this place as a percentage of non-inter-level travel turns spent in this place.
 E = Turns spent auto-exploring this place as a percentage of non-inter-level travel turns spent in this place.
 F = Non-inter-level travel turns spent in this place divided by the number of levels of this place that you've seen.
                   A       B       C       D       E      F
               +-------+-------+-------+-------+-------+----------------------
         Total | 100.0 | 100.0 |   0.2 |   0.0 |   0.0 | 219.8
       Dungeon |  75.4 |  75.3 |   0.3 |   0.0 |   0.0 | 220.7
         Sewer |  24.6 |  24.7 |   0.0 |   0.0 |   0.0 | 217.0
               +-------+-------+-------+-------+-------+----------------------

Table legend:
 A = Kills in this place as a percentage of kills in entire the game.
 B = Kills by you in this place as a percentage of kills by you in the entire game.
 C = Kills by friends in this place as a percentage of kills by friends in the entire game.
 D = Other kills in this place as a percentage of other kills in the entire game.
 E = Experience gained in this place as a percentage of experience gained in the entire game.
 F = Experience gained in this place divided by the number of levels of this place that you have seen.
                   A       B       C       D       E      F
               +-------+-------+-------+-------+-------+----------------------
         Total | 100.0 | 100.0 |  -nan |  -nan | 100.0 |  30.0
       Dungeon |  76.5 |  76.5 |  -nan |  -nan |  83.3 |  33.3
         Sewer |  23.5 |  23.5 |  -nan |  -nan |  16.7 |  20.0
               +-------+-------+-------+-------+-------+----------------------

Vault maps used:
D:1:      shiori_arrival_maze, st_stairs_8
D:2:      uniq_jessica, uniq_natasha
D:3:      gup_sewer_entry_spiral, minmay_misc_feat_columns
Sewer:    sewer_minmay_w
